 Dungeon Crawl Stone Soup version 0.31-a0-986-g5e6e4ef867 (webtiles) character file.

Game seed: 14359075734258979479

15138 serber55 the Frost Mage (level 11, -3/97 HPs)
             Began as a Red Draconian Ice Elementalist on Nov 13, 2023.
             Was an Initiate of Gozag.
             Slain by a death yak simulacrum (35 damage)
             ... on level 1 of the Lair of Beasts.
             The game lasted 00:43:01 (10408 turns).

serber55 the Frost Mage (DrIE)                     Turns: 10408, Time: 00:43:02

Health: -3/97      AC: 10    Str: 11    XL:     11   Next: 97%
Magic:  41/41      EV: 16    Int: 20    God:    Gozag
Gold:   1233       SH:  5    Dex: 14    Spells: 15/26 levels left

rFire   + + .        y - +10 trident of Bankruptcy {heavy, rF+ MP+9 Dex+3}
rCold   . . .        (no shield)
rNeg    . . .        (body armour unavailable)
rPois   +            (helmet restricted)
rElec   .            o - +2 cloak {rPois}
rCorr   .            (no gloves)
SInv    .            (no boots)
Will    .....        h - amulet of reflection
Stlth   ++           l - ring of magical power
HPRegen 0.36/turn    w - ring of the Mage {Wiz Archmagi}
MPRegen 0.27/turn

%: reflection, clarity, wizardry (x1), archmagi
@: gold aura, slowed, very slow
A: breathe fire, AC +7, unfitting armour, fire resistance 1, cold-blooded,
stinger 1, clarity, MP-powered wands
a: Breathe Fire, Renounce Religion, Potion Petition, Call Merchant, Bribe Branch


You were on level 1 of the Lair of Beasts.
You worshipped Gozag.
Gozag was most pleased with you.
You visited 3 branches of the dungeon, and saw 11 of its levels.

You collected 1911 gold pieces.
You spent 80 gold pieces at shops.
You paid 598 gold pieces to Gozag.

Inventory:

Hand Weapons
 y - the +10 trident of Bankruptcy (weapon) {heavy, rF+ MP+9 Dex+3}
   (You took it off an orc on level 7 of the Dungeon)

   Dex+3:     It affects your dexterity (+3).
   rF+:       It protects you from fire.
   MP+9:      It affects your magic capacity (+9).
Missiles
 t - a throwing net
Armour
 o - a +2 cloak of poison resistance (worn)
Jewellery
 h - an amulet of reflection (around neck)
 l - a ring of magical power (left hand)
 w - the ring of the Mage (right hand) {Wiz Archmagi}
   (You took it off a centaur on level 8 of the Dungeon)

   [ring of wizardry]

   Wiz:       It improves your spell success rate.
   Archmagi:  It increases the power of your magical spells.
Wands
 d - a wand of digging (9)
 k - a wand of flame (20) (quivered)
 n - a wand of polymorph (6)
 u - a wand of roots (4)
 z - a wand of acid (10)
Scrolls
 e - a scroll of enchant armour
 f - a scroll of fog
 g - 2 scrolls of immolation
 m - 2 scrolls of poison
 r - a scroll of teleportation
 B - a scroll of enchant weapon
Potions
 a - 3 potions of magic
 b - a potion of berserk rage
 c - 2 potions of brilliance
 i - 3 potions of enlightenment
 j - 2 potions of attraction
 p - 5 potions of might
 q - a potion of haste {unknown}
 s - a potion of lignification
 v - a potion of heal wounds
 x - a potion of resistance
 A - 2 potions of cancellation {unknown}
Miscellaneous
 C - a box of beasts (inert)


   Skills:
 + Level 9.6 Fighting
 + Level 8.3 Dodging
 - Level 1.7 Stealth
 + Level 8.3 Spellcasting
 * Level 11.0 Ice Magic


You had 15 spell levels left.
You knew the following spells:

 Your Spells              Type           Power      Damage    Failure   Level
a - Freeze                Ice            100%       1d10      1%          1
b - Frozen Ramparts       Ice            100%       1d16      1%          3
c - Ozocubu's Armour      Ice            68%        N/A       1%          3
d - Summon Ice Beast      Ice/Summ       45%        N/A       3%          4

Your spell library contained the following spells:

 Spells                   Type           Power      Damage    Failure   Level
 Apportation              Tloc           24%        N/A       3%          1
 Necrotise                Necr           48%        1d6       3%          1
 Summon Small Mammal      Summ           48%        N/A       3%          1
 Lesser Beckoning         Tloc           24%        N/A       4%          2
 Sublimation of Blood     Necr           12%        N/A       4%          2
 Wereblood                Tmut           12%        N/A       4%          2
 Call Canine Familiar     Summ           12%        N/A       10%         3
 Gell's Gravitas          Tloc           12%        N/A       10%         3
 Ignite Poison            Fire/Tmut/Pois 12%        N/A       10%         3
 Summon Guardian Golem    Hex/Summ       12%        N/A       10%         3
 Teleport Other           Tloc           12%        N/A       10%         3
 Sticky Flame             Conj/Fire      12%        2d4       32%         4
 Summon Hydra             Summ           6%         N/A       100%        7
 Ignition                 Fire           6%         3d4       100%        8


Dungeon Overview and Level Annotations

Branches:
Dungeon (9/15)             Temple (1/1) D:5            Lair (1/5) D:9
    Orc: D:9-12

Altars:
Ashenzari
Cheibriados
Dithmenos
Elyvilon
Fedhas
Gozag
Hepliaklqana
Kikubaaqudgha
Makhleb
Nemelex Xobeh
Okawaru
Qazlal
Ru
Sif Muna
Trog
Uskayaw
Vehumet
Wu Jian
Xom
Yredelemnul
Zin
The Shining One

Shops:
D:1 *   D:9 [

Portals:
Ice
Cave: Lair:1


Innate Abilities, Weirdness & Mutations

You can breathe blasts of fire.
Your fiery red scales are hard. (AC +7)
You cannot fit into any form of body armour.
Your flesh is heat resistant. (rF+)
You are cold-blooded and may be slowed by cold attacks.
Your tail ends in a venomous barb.
You possess an exceptional clarity of mind.
You expend magic power (3 MP) to strengthen your wands.


Message History

You now have 1233 gold pieces (gained 23).
You start resting.
Magic restored.
You start resting.
You hear the steady crackling of a melting archway nearby.
You start resting.
You feel a little less mighty now.
You start resting.
You hear the steady crackling of a melting archway nearby.
You start resting.
You hear the steady crackling of a melting archway nearby.
Found a frozen archway.
A wolf simulacrum comes into view.
A death yak simulacrum comes into view.
You reach to attack!
You closely miss the wolf simulacrum. The wolf simulacrum bites you.
The wolf simulacrum freezes you!
You feel yourself slow down. The wolf simulacrum closely misses you.
You puncture the wolf simulacrum!
The wolf simulacrum is severely damaged.
You feel yourself speed up.
The wolf simulacrum bites you but does no damage.
The wolf simulacrum completely misses you.
The wolf simulacrum closely misses you.
The wolf simulacrum bites you but does no damage.
You hit the wolf simulacrum.
The wolf simulacrum is almost destroyed.
The wolf simulacrum bites you. The wolf simulacrum freezes you!
The wolf simulacrum completely misses you.
The death yak simulacrum gores you! The death yak simulacrum freezes you!!
You feel yourself slow down.
The wolf simulacrum completely misses you.
You block the death yak simulacrum's attack.
You puncture the wolf simulacrum!
The wolf simulacrum vaporises!
You feel yourself speed up.
You block the death yak simulacrum's attack.
The death yak simulacrum gores you. The death yak simulacrum freezes you!!
You feel yourself slow down.
You die...
Your body crumbles into a pile of gold.

..Y.....~~.~............
.#........♣.............
.##.....................
.....##....#............
.....#...........P......
.....................∩..
...........##...#.......
.................Z......
................@○##....
......................##
#.......................
###...................##
#.##..#............###
## #.....#.##..##..#
##.P###..#### ### ####
##.# ##


You could see a death yak simulacrum.

Vanquished Creatures
  3 two-headed ogres
  Pikel (D:9)
  A deep elf pyromancer (D:8)
  A manticore (D:8)
  2 elephants (Lair:1)
  Maurice (D:9)
  Jeremiah (D:7)
  A cane toad (Lair:1)
  A kobold demonologist (D:8)
  A komodo dragon (Lair:1)
  2 unseen horror zombies (D:9)
  2 rime drakes (Lair:1)
  The ghost of Zonian the Magician, a novice DEFE of Gozag (D:5)
  2 trolls
  Prince Ribbit (D:6)
  2 wyverns
  A vampire (D:8)
  A yak (D:8)
  4 wraiths
  A steam dragon (D:9)
  7 water moccasins
  An acid dragon (D:8)
  An ice beast (D:5)
  8 orc warriors
  A black bear (D:8)
  2 ogres
  2 centaurs
  A phantom (D:5)
  A lemure (D:9)
  A kobold brigand (D:8)
  A gnoll sergeant (D:9)
  4 bullfrogs
  A necrophage (D:9)
  3 scorpions
  6 wights
  7 killer bees (D:8)
  A howler monkey (D:8)
  4 crimson imps (D:8)
  2 centaur zombies (D:9)
  A bullfrog zombie (D:5)
  2 hounds
  A human zombie (D:9)
  6 orc priests
  2 jellies
  Crazy Yiuf (D:7)
  2 sleepcaps (D:6)
  11 orc wizards
  3 iguanas
  A wolf simulacrum (Lair:1)
  2 mummies (D:9)
  A howler monkey zombie (D:9)
  9 gnolls
  8 adders
  A shadow imp (D:7)
  3 white imps (D:8)
  A worm (D:2)
  2 dart slugs
  55 orcs
  6 endoplasms
  10 giant cockroaches
  6 goblins
  9 hobgoblins
  9 jackals
  8 kobolds
  4 quokkas
  6 ball pythons
  4 bats
  2 frilled lizards
  8 rats
268 creatures vanquished.

Vanquished Creatures (collateral kills)
  A centaur warrior (D:8)
  3 elephants (Lair:1)
  A cane toad (Lair:1)
  A vampire mosquito (D:8)
  A bullfrog skeleton (D:5)
  A jelly (D:8)
8 creatures vanquished.

Grand Total: 276 creatures vanquished

Notes
Turn   | Place    | Note
-------+----------+-------------------------------------------
     0 | D:1      | serber55 the Draconian Ice Elementalist began the quest for
                  | the Orb.
     0 | D:1      | Reached XP level 1. HP: 14/14 MP: 3/3
     1 | D:1      | Found a runed translucent door.
   250 | D:1      | Reached XP level 2. HP: 15/22 MP: 0/5
   265 | D:1      | Found Wirran's General Store.
   301 | D:1      | Bought a scroll of identify for 20 gold pieces
   301 | D:1      | Bought a scroll of identify for 20 gold pieces
   595 | D:1      | Reached skill level 1 in Fighting
   887 | D:2      | Reached XP level 3. HP: 21/28 MP: 0/6
   947 | D:2      | Learned a level 3 spell: Frozen Ramparts
  1469 | D:2      | Reached XP level 4. HP: 33/35 MP: 3/7
  1477 | D:2      | Learned a level 3 spell: Ozocubu's Armour
  2111 | D:3      | Found a faded altar of an unknown god.
  2222 | D:3      | Reached skill level 5 in Ice Magic
  2538 | D:3      | Reached XP level 5. HP: 39/41 MP: 9/9
  3183 | D:1      | Bought a scroll of immolation for 40 gold pieces
  3436 | D:4      | Found an ornate altar of the Wu Jian Council.
  3528 | D:4      | Noticed an ogre
  3538 | D:4      | Killed an ogre
  3539 | D:4      | Reached XP level 6. HP: 50/50 MP: 10/10
  3899 | D:5      | Entered Level 5 of the Dungeon
  3921 | D:5      | Noticed a water moccasin
  3953 | D:5      | Noticed a wyvern
  4088 | D:5      | Reached skill level 6 in Ice Magic
  4094 | D:5      | Learned a level 4 spell: Summon Ice Beast
  4134 | D:5      | Killed a water moccasin
  4135 | D:5      | Your scales start taking on a fiery red colour.
  4135 | D:5      | Reduced skill Ice Magic to level 5
  4135 | D:5      | Reached XP level 7. HP: 43/57 MP: 12/12
  4135 | D:5      | Gained mutation: Your flesh is heat resistant. (rF+) [Red
                  | Draconian growth]
  4228 | D:5      | Gained mutation: You sometimes lose your temper in combat.
                  | [potion of mutation]
  4228 | D:5      | Gained mutation: You are agile. (Dex +4, Str/Int -1)
                  | [potion of mutation]
  4229 | D:5      | Lost mutation: You are agile. (Dex +4, Str/Int -1) [potion
                  | of mutation]
  4229 | D:5      | Lost mutation: You sometimes lose your temper in combat.
                  | [potion of mutation]
  4229 | D:5      | Gained mutation: Your body sometimes deteriorates upon
                  | taking damage. [potion of mutation]
  4229 | D:5      | Gained mutation: You are robust. (+10% HP) [potion of
                  | mutation]
  4230 | D:5      | Lost mutation: Your body sometimes deteriorates upon taking
                  | damage. [potion of mutation]
  4230 | D:5      | Lost mutation: You are robust. (+10% HP) [potion of
                  | mutation]
  4230 | D:5      | Gained mutation: Your tail ends in a venomous barb. [potion
                  | of mutation]
  4230 | D:5      | Gained mutation: You possess an exceptional clarity of
                  | mind. [potion of mutation]
  4230 | D:5      | Gained mutation: You expend magic power (3 MP) to
                  | strengthen your wands. [potion of mutation]
  4330 | D:5      | Found a staircase to the Ecumenical Temple.
  4342 | Temple   | Entered the Ecumenical Temple
  4368 | Temple   | Became a worshipper of Gozag Ym Sagoz the Greedy
  4443 | D:5      | Found a runed translucent gate.
  4443 | D:5      | Found a runed translucent gate.
  4444 | D:5      | Found a runed translucent gate.
  4444 | D:5      | Noticed Zonian's ghost (novice DEFE)
  4522 | D:5      | Killed a wyvern
  4523 | D:5      | Reached XP level 8. HP: 53/66 MP: 14/14
  4654 | D:5      | Reached skill level 6 in Ice Magic
  4929 | D:6      | Noticed Prince Ribbit
  4941 | D:6      | Killed Prince Ribbit
  5487 | D:6      | Found a glowing drain.
  6031 | D:5      | Killed Zonian's ghost
  6032 | D:5      | Reached skill level 5 in Fighting
  6035 | D:5      | Reached skill level 5 in Spellcasting
  6117 | D:7      | Reached skill level 5 in Dodging
  6119 | D:7      | Reached skill level 7 in Ice Magic
  6124 | D:7      | Reached XP level 9. HP: 68/74 MP: 16/16
  6240 | D:7      | Noticed Jeremiah
  6250 | D:7      | Killed Jeremiah
  6545 | D:7      | Found a sparkling altar of Nemelex Xobeh.
  6635 | D:7      | Identified the +10 trident of Bankruptcy {heavy, rF+ MP+9
                  | Dex+3}
  6771 | D:7      | Found a radiant altar of Vehumet.
  6804 | D:7      | Found a glowing silver altar of Zin.
  6908 | D:7      | Found a runed translucent door.
  6909 | D:7      | Noticed Crazy Yiuf
  6915 | D:7      | Killed Crazy Yiuf
  7141 | D:8      | Noticed a manticore
  7147 | D:8      | Killed a manticore
  7148 | D:8      | Reached skill level 8 in Ice Magic
  7226 | D:8      | Noticed a troll
  7240 | D:8      | Killed a troll
  7284 | D:8      | Noticed a kobold demonologist
  7284 | D:8      | Noticed a two-headed ogre
  7427 | D:8      | Reached XP level 10. HP: 84/84 MP: 19/19
  7717 | D:8      | Noticed a two-headed ogre
  7786 | D:8      | Killed a two-headed ogre
  7787 | D:8      | Reached skill level 9 in Ice Magic
  7879 | D:8      | Noticed a deep elf pyromancer
  7893 | D:8      | Killed a deep elf pyromancer
  8013 | D:8      | Noticed a centaur warrior
  8029 | D:8      | Killed a centaur warrior
  8073 | D:8      | Killed a two-headed ogre
  8074 | D:8      | Reached XP level 11. HP: 73/94 MP: 21/21
  8728 | D:9      | Identified the "Azibainoi"
  8828 | D:9      | Noticed Pikel
  8831 | D:9      | Killed Pikel
  8832 | D:9      | Reached skill level 10 in Ice Magic
  8881 | D:9      | Found a staircase to the Lair.
  9365 | D:9      | Found a basalt altar of Yredelemnul.
  9515 | D:9      | Noticed a two-headed ogre
  9522 | D:9      | Killed a two-headed ogre
  9617 | D:9      | Noticed Maurice
  9626 | D:9      | Maurice stole a ring of fire
  9627 | D:9      | Killed Maurice
 10050 | Lair:1   | Identified the of Vedonicw
 10050 | Lair:1   | Entered Level 1 of the Lair of Beasts
 10233 | Lair:1   | Reached skill level 11 in Ice Magic
 10400 | Lair:1   | Found a frozen archway.
 10408 | Lair:1   | Slain by a death yak simulacrum

Illustrated notes

Levels and vault maps discovered:
D:1:      dpeg_arrival_caged_fury, layout_loops_ring, serial_shops, shop
D:2:      layout_basic
D:3:      layout_basic, shapermc_ecumenical_altar_mp_highgroup
D:4:      layout_basic, nzn_wu_jian_contemplation
D:5:      layout_rooms, minmay_temple_entry_junction, gammafunk_ghost_necromancy
D:6:      layout_basic, gup_sewer_entry_glass, uniq_prince_ribbit1
D:7:      layout_cave_pools, mainiacjoe_overflow_two_lobes,
          nemelex_diamond_rough_becter, uniq_jeremiah, uniq_crazy_yiuf_cottage
D:8:      minmay_the_grid_octo_tiled_octocenter [minmay_the_grid_octo_checkered,
          minmay_the_grid_octo_empty, minmay_the_grid_octo_focus,
          minmay_the_grid_octo_fan_narrow, minmay_the_grid_octo_prize_star,
          minmay_the_grid_square_5x5_three_small,
          minmay_the_grid_square_5x5_fancy_junction,
          minmay_the_grid_square_5x5_two_small,
          minmay_the_grid_square_5x5_moneybag], layout_cave_pools,
          minmay_fire_ice_demons
D:9:      layout_loops_corners, lemuel_mausoleum_altar_yredelemnul,
          lair_entry_dummy, serial_aquarium, aquarium_bridge_square
          [aquarium_subvault_balcony, aquarium_subvault_bridge,
          aquarium_subvault_bridge, aquarium_subvault_bridge],
          aquarium_bridge_straight [aquarium_subvault_bridge,
          aquarium_subvault_window, aquarium_subvault_bridge,
          aquarium_subvault_wall], aquarium_window_fake, aquarium_window_corner,
          aquarium_window_3, aquarium_window_corner, aquarium_view_2d,
          uniq_pikel, uniq_maurice
Temple:   bh_familiar_temple
Lair:1:   layout_cave_shapes, portal_ice_cave_entry_ice_simulacra,
          nicolae_quartered_pool_super

Skill      XL: |  1  2  3  4  5  6  7  8  9 10 11 |
---------------+----------------------------------+-----
Dodging        | 2 3 4 5 6 7 8 |  8.3
Fighting       | 1 2 3 4 5 6 8 9 |  9.6
Ice Magic      | 5 5 7 8 9 11 | 11.0
Spellcasting   | 3 4 5 6 7 8 |  8.3
Stealth        | |  1.7

Action                     |  1- 3 |  4- 6 |  7- 9 | 10-12 || total
---------------------------+-------+-------+-------+-------++-------
  Melee: Unarmed           |    25 |       |       |       ||    25
         Dagger            |    72 |    56 |       |       ||   128
         Tailslap          |    13 |     6 |    18 |    14 ||    51
         War axe           |       |    21 |    78 |       ||    99
         Trident           |       |       |    48 |   170 ||   218
         Punch             |       |       |       |     2 ||     2
   Cast: Freeze            |    19 |    18 |     1 |       ||    38
         Frozen Ramparts   |     3 |    18 |    25 |    32 ||    78
         Ozocubu's Armour  |       |     5 |    14 |    23 ||    42
         Summon Ice Beast  |       |       |     1 |     6 ||     7
 Invoke: Call Merchant     |       |       |       |     1 ||     1
Ability: Breathe Fire      |       |       |     5 |    16 ||    21
  Evoke: Wand              |       |       |     8 |     7 ||    15
         Box of beasts     |       |       |       |     1 ||     1
    Use: Scroll            |     3 |    11 |     7 |     5 ||    26
         Potion            |       |       |     3 |     3 ||     6
   Stab: Distracted        |     1 |       |     1 |       ||     2
         Sleeping          |     1 |     5 |     2 |     8 ||    16
 Armour: Skin              |    58 |    44 |   103 |   184 ||   389
  Dodge: Dodged            |    59 |    66 |   100 |   197 ||   422
  Block: Other             |       |     3 |    39 |    68 ||   110
         Reflection        |       |       |     2 |     3 ||     5

Table legend: (Time is in decaauts)
 A = Elapsed time spent in this place.
 B = Non-inter-level travel time spent in this place.
 C = Inter-level travel time spent in this place.
 D = Time resting spent in this place.
 E = Time spent auto-exploring this place.
 F = Levels seen in this place.
 G = Mean time per level.
                   A        B        C        D        E       F      G
               +--------+--------+--------+--------+--------+-----+--------+
         Total |  10751 |  10143 |    608 |   1558 |   6235 |  11 |  977.4 |
       Dungeon |  10325 |   9762 |    563 |   1350 |   6233 |   9 | 1147.2 |
        Temple |     51 |      6 |     45 |      0 |      0 |   1 |   51.0 |
          Lair |    374 |    374 |      0 |    208 |      2 |   1 |  374.0 |
               +--------+--------+--------+--------+--------+-----+--------+

Top non-repeatable levels by time:
     D:8: 1722 daAuts
     D:9: 1388 daAuts
     D:6: 1122 daAuts
     D:7: 1099 daAuts
     D:3: 1081 daAuts
     D:5: 1076 daAuts
     D:4: 982 daAuts
     D:2: 956 daAuts
     D:1: 896 daAuts
  Lair:1: 374 daAuts
  Temple: 51 daAuts
